 Dungeon Crawl Stone Soup version 0.27.0-1-g7a089689b8 (webtiles) character file.

Game seed: 17136867511132161598

2016 Angani the Magician (level 9, -4/57 HPs)
             Began as a Demonspawn Hedge Wizard on Aug 12, 2021.
             Succumbed to Duvessa's poison
             ... on level 5 of the Dungeon.
             The game lasted 00:19:34 (6885 turns).

Angani the Magician (Demonspawn Hedge Wizard)       Turns: 6885, Time: 00:19:34

Health: -4/57      AC:  7    Str: 10    XL:     9   Next: 3%
Magic:  3/19       EV: 12    Int: 20    God:
Gold:   128        SH:  0    Dex: 12    Spells: 10/21 levels left

rFire    . . .     SeeInvis .   g - +0 trident (venom)
rCold    . . .     Faith    .   (no shield)
rNeg     . . .     Spirit   .   b - +0 robe
rPois    .         Reflect  .   h - +0 helmet
rElec    .         Harm     .   r - +1 cloak {rCorr}
rCorr    +         Rampage  .   (no gloves)
Will     .....                  (no boots)
Stlth    ++........             (no amulet)
HPRegen  0.19/turn              (no ring)
MPRegen  0.16/turn              (no ring)

@: lethally poisoned (-4 -> -24)
A: claws 2, slimy green scales 1, demonic guardian 1, ignite blood 1
a: no special abilities


You were on level 5 of the Dungeon.
You visited 1 branch of the dungeon, and saw 6 of its levels.

You collected 243 gold pieces.
You spent 115 gold pieces at shops.

Inventory:

Hand Weapons
 g - a +0 trident of venom (weapon)
Missiles
 o - 42 poisoned darts
Armour
 b - a +0 robe (worn)
 c - a +0 hat
 h - a +0 helmet (worn)
 r - a +1 cloak of preservation (worn)
Magical Staves
 f - a staff of cold
Jewellery
 j - an amulet of reflection
Scrolls
 d - a scroll of teleportation
 i - a scroll of amnesia
 l - a scroll of enchant armour
 m - 3 scrolls of enchant weapon {unknown}
 q - a scroll of immolation {unknown}
 s - a scroll of acquirement {unknown}
Potions
 a - 2 potions of brilliance
 k - 2 potions of might
 n - a potion of ambrosia
 p - a potion of flight
 t - a potion of haste


   Skills:
 - Level 1.7 Dodging
 - Level 1.7 Stealth
 + Level 6.8 Spellcasting
 - Level 4.5 Conjurations
 - Level 1.0 Summonings
 - Level 0.8 Translocations
 + Level 4.2 Fire Magic
 + Level 4.3 Air Magic
 + Level 4.7 Poison Magic


You had 10 spell levels left.
You knew the following spells:

 Your Spells              Type           Power      Damage    Failure   Level
a - Magic Dart            Conj           100%       1d8       1%          1
b - Blink                 Tloc           N/A        N/A       11%         2
c - Conjure Flame         Conj/Fire      24%        6-21      4%          3
d - Mephitic Cloud        Conj/Pois/Air  24%        N/A       4%          3
e - Call Imp              Summ           10%        N/A       10%         2

Your spell library contained the following spells:

 Spells                   Type           Power      Damage    Failure   Level
 Slow                     Hex            6%         N/A       14%         2


Dungeon Overview and Level Annotations

Branches:
Dungeon (6/15)
 Temple: D:4-7

Altars:
Gozag
Vehumet
Wu Jian

Shops:
D:2 ?

Annotations:
D:3 3 runed translucent doors, Descartes's ghost, amateur FoFi; Sigmund
D:6 Blork the orc; Duvessa


Innate Abilities, Weirdness & Mutations

You have very sharp fingernails.
You are partially covered in slimy green scales. (AC +2)
A weak demonic guardian rushes to your aid.
Your demonic aura sometimes causes spilled blood to erupt in flames.


Message History

Aiming: Mephitic Cloud (dangerous; 4% risk of failure)
Press: ? - help, Shift-Dir - straight line, p - Duvessa The ball explodes into a vile cloud!
The stinking cloud engulfs something but does no damage.
You hear an angry hiss.
Duvessa is engulfed in noxious fumes.
Duvessa appears confused.
Duvessa rages.
Unknown command.
Unknown command.
You barely miss something.
Duvessa is engulfed in noxious fumes.
Duvessa appears confused.
Something hits you. Something shocks you.
Duvessa is engulfed in noxious fumes.
Duvessa appears confused.
Duvessa hits something with a +4 short sword of venom!!
Reactivating autopickup.
You feel a bit more experienced.
You have reached level 9!
Your experience leads to an increase in your attributes!
Increase (S)trength, (I)ntelligence, or (D)exterity?
You feel clever.
You reach to attack!
You completely miss Duvessa.
Duvessa is moderately wounded.
Duvessa is engulfed in noxious fumes.
Duvessa appears confused.
Duvessa hits you with a +4 short sword of venom!
You are poisoned.
Unknown command.
Okay, then.
Unknown command.
You feel very sick.
Duvessa hits you with a +4 short sword of venom!!
* * * LOW HITPOINT WARNING * * *
A demonic guardian appears!
You are more poisoned.
There is a stone staircase leading up, spattered with blood here.
Unknown command.
* * * LOW HITPOINT WARNING * * *
You feel very sick.
Duvessa is engulfed in noxious fumes.
Duvessa appears confused.
Duvessa rages.
You climb upwards.
You die...

#.# #.##.###..#.#....####.#.##.
#.#####<##.###..#.#....####.#.##.
.................................
#.##.##..#####..#.##.............
.........##.##..#................
.........##.##..#.##.#.####.#.##.
..#....####..........>...........
.......####...................##.
................@.##.#.####.#.##.
.............#.##.##.#.####.#.##.
....#........#.##.............###
..#.#...###..#.#####.#.####...##.
..#.#...# #......# #.#.# #...##.
........###......###.#.####...##.
#.........................#...##.
#.####..###..#######>...).....##.
#.# #..# #..........Y...(.......


There were no monsters in sight!

Vanquished Creatures
  A hornet (D:5)
  A water moccasin (D:4)
  2 sky beasts
  7 ogres
  A phantom (D:5)
  3 scorpions
  Dowan (D:6)
  2 wights (D:5)
  2 jellies
  A centaur skeleton (D:5)
  5 hounds
  A bullfrog skeleton (D:5)
  An iguana (D:4)
  5 gnolls
  3 adders
  A white imp (D:6)
  2 adder skeletons (D:4)
  2 worms
  A dart slug (D:1)
  11 orcs
  7 ball pythons
  5 bats
  8 endoplasms
  3 giant cockroaches
  5 hobgoblins (D:1)
  3 jackals (D:3)
  A frilled lizard (D:3)
  8 goblins
  4 kobolds
  6 rats
103 creatures vanquished.

Vanquished Creatures (collateral kills)
  An ogre (D:5)
  A wight (D:6)
  Crazy Yiuf (D:4)
  A gnoll (D:3)
  A hobgoblin (D:3)
  A bat (D:3)
6 creatures vanquished.

Grand Total: 109 creatures vanquished

Notes
Turn   | Place    | Note
-------+----------+-------------------------------------------
     0 | D:1      | Angani the Demonspawn Hedge Wizard began the quest for the
                  | Orb.
     0 | D:1      | Reached XP level 1. HP: 13/13 MP: 4/4
   347 | D:1      | Gained mutation: Your demonic aura sometimes causes spilled
                  | blood to erupt in flames. [demonic ancestry]
   347 | D:1      | Reached XP level 2. HP: 17/19 MP: 1/6
   833 | D:1      | Reached XP level 3. HP: 24/24 MP: 6/8
  1021 | D:2      | Learned a level 2 spell: Blink
  1058 | D:2      | You fall into a shaft and drop 2 floors!
  1142 | D:4      | Found a runed translucent door.
  1143 | D:4      | Noticed Crazy Yiuf
  1350 | D:4      | Reached skill level 4 in Spellcasting
  1350 | D:4      | Reached XP level 4. HP: 30/30 MP: 6/10
  1536 | D:4      | Noticed a scorpion
  1594 | D:4      | Gained mutation: You have sharp fingernails. [demonic
                  | ancestry]
  1594 | D:4      | Reached XP level 5. HP: 32/35 MP: 8/11
  1703 | D:5      | Entered Level 5 of the Dungeon
  2208 | D:4      | Noticed a water moccasin
  2330 | D:5      | Noticed an ogre
  2348 | D:5      | Killed an ogre
  2349 | D:5      | Gained mutation: A weak demonic guardian rushes to your
                  | aid. [demonic ancestry]
  2349 | D:5      | Reached XP level 6. HP: 41/41 MP: 10/13
  2381 | D:5      | Reached skill level 5 in Spellcasting
  2794 | D:4      | Found an opulent altar of Gozag.
  2949 | D:3      | Learned a level 3 spell: Conjure Flame
  2953 | D:3      | Learned a level 3 spell: Mephitic Cloud
  3146 | D:3      | Noticed Descartes's ghost (amateur FoFi)
  3160 | D:3      | Found a radiant altar of Vehumet.
  3431 | D:2      | Found Icruunuq's Magic Scroll Boutique.
  3472 | D:2      | Bought a scroll of identify for 20 gold pieces
  3472 | D:2      | Bought a scroll of identify for 20 gold pieces
  3472 | D:2      | Bought a scroll of identify for 20 gold pieces
  3472 | D:2      | Bought a scroll of identify for 20 gold pieces
  3472 | D:2      | Bought a scroll of magic mapping for 35 gold pieces
  3724 | D:2      | Found a faded altar of an unknown god.
  3960 | D:3      | Found a runed translucent gate.
  3960 | D:3      | Found a runed translucent gate.
  3960 | D:3      | Found a runed translucent gate.
  4039 | D:3      | Noticed Sigmund
  4332 | D:4      | Killed a water moccasin
  4333 | D:4      | Reached skill level 1 in Fire Magic
  4333 | D:4      | Reached skill level 1 in Air Magic
  4333 | D:4      | Reached skill level 1 in Poison Magic
  4347 | D:4      | Gained mutation: You are partially covered in slimy green
                  | scales. (AC +2) [demonic ancestry]
  4347 | D:4      | Reached XP level 7. HP: 17/46 MP: 0/15
  4691 | D:4      | Killed Crazy Yiuf
  5700 | D:5      | Gained mutation: You have very sharp fingernails. [demonic
                  | ancestry]
  5700 | D:5      | Reached XP level 8. HP: 52/52 MP: 11/16
  5794 | D:5      | Reached skill level 6 in Spellcasting
  6240 | D:5      | Learned a level 2 spell: Call Imp
  6366 | D:5      | Noticed a hornet
  6378 | D:5      | Killed a hornet
  6436 | D:5      | Found an ornate altar of the Wu Jian Council.
  6503 | D:6      | Noticed Dowan
  6541 | D:6      | Noticed Blork the orc
  6864 | D:6      | Noticed Duvessa
  6873 | D:6      | Killed Dowan
  6882 | D:6      | Reached XP level 9. HP: 41/57 MP: 3/19
  6884 | D:6      | HP: 2/57 [poisoned by Duvessa]
  6885 | D:5      | Succumbed to Duvessa's poison

Illustrated notes

Levels and vault maps discovered:
D:1:      dpeg_arrival_concentric_ovals, layout_rooms, minmay_tripent
D:2:      layout_rooms, serial_shops, nicolae_shop_statue_plus,
          shapermc_ecumenical_altar_mp_highgroup
D:3:      layout_basic, mainiacjoe_overflow_boulevard, gammafunk_ghost_split,
          minmay_box_of_dots, uniq_sigmund
D:4:      layout_basic, nicolae_overflow_crystal_walls, serial_bayou_pond_d,
          uniq_crazy_yiuf_cottage
D:5:      minmay_opposing_rooms, layout_basic, lemuel_round_altar,
          minmay_ogre_servants
D:6:      layout_cave_pools, uniq_blork_the_orc, uniq_duvessa

Skill      XL: |  1  2  3  4  5  6  7  8 |
---------------+-------------------------+-----
Conjurations   | 2 3 4 |  4.5
Spellcasting   | 4 5 6 |  6.8
Fire Magic     | 1 2 4 |  4.2
Air Magic      | 1 2 4 |  4.3
Poison Magic   | 1 3 4 |  4.7
Dodging        | |  1.7
Stealth        | |  1.7
Summonings     | |  1.0
Translocations | |  0.8

Action                   |  1- 3 |  4- 6 |  7- 9 || total
-------------------------+-------+-------+-------++-------
Melee: Short sword       |    35 |    11 |       ||    46
       Trident           |       |    77 |   103 ||   180
 Cast: Magic Dart        |    49 |    70 |    80 ||   199
       Blink             |       |     9 |     4 ||    13
       Conjure Flame     |       |     2 |    13 ||    15
       Mephitic Cloud    |       |       |    10 ||    10
       Call Imp          |       |       |     4 ||     4
Evoke: Wand              |       |     5 |     1 ||     6
  Use: Scroll            |       |     8 |     4 ||    12
       Potion            |       |     4 |     1 ||     5
 Stab: Sleeping          |       |     1 |       ||     1
       Confused          |       |       |     2 ||     2
Armor: Robe              |    18 |    22 |    16 ||    56
Dodge: Dodged            |    33 |    69 |    41 ||   143
